 Dungeon Crawl Stone Soup version 0.29-a0-90-gc37658a0fe (webtiles) character file.

Game seed: 635421940469539759

1053 dracfodder the Chopper (level 8, -2/73 HPs)
             Began as a Gargoyle Berserker on Feb 5, 2022.
             Was a Priest of Trog.
             Slain by a wight (5 damage)
             ... on level 7 of the Dungeon on Feb 6, 2022.
             The game lasted 00:19:45 (4828 turns).

dracfodder the Chopper (Gargoyle Berserker)         Turns: 4828, Time: 00:19:45

Health: -2/73      AC: 15    Str: 25    XL:     8   Next: 26%
Magic:  8/8        EV: 10    Int: 10    God:    Trog [***...]
Gold:   169        SH:  3    Dex: 12    Spells: 7/7 levels left

rFire   + + +      SeeInvis .   b - +5 mace of Painful Death {spect, rF+ rC- rCorr Str+2}
rCold   x . .      Faith    .   t - +0 buckler
rNeg    + + .      Spirit   .   p - +2 scale mail {rF+}
rPois   ∞          Reflect  .   (no helmet)
rElec   +          Harm     .   (no cloak)
rCorr   +          Rampage  .   q - +0 pair of gloves
Will    .....                   (no boots)
Stlth   ..........              (no amulet)
HPRegen 0.22/turn               f - ring of Midsummer {rF+ rN+ Int+2 Dex+3}
MPRegen 0.11/turn               (no ring)

@: berserking, very quick
A: sickness immunity, AC +5, negative energy resistance 1, electricity
resistance, torment resistance 1, petrification resistance
a: Renounce Religion, Berserk, Trog's Hand


You were on level 7 of the Dungeon.
You worshipped Trog.
Trog was most pleased with you.
You visited 1 branch of the dungeon, and saw 7 of its levels.

You collected 169 gold pieces.

Inventory:

Hand Weapons
 a - a +1 hand axe of venom
 b - the +5 mace of Painful Death (weapon) {spect, rF+ rC- rCorr Str+2}
   (You found it on level 3 of the Dungeon)

   When its wielder attacks, the weapon's spirit leaps out and strikes again.
   The spirit shares a part of any damage it takes with its wielder.
   Str:       It affects your strength (+2).
   rF:        It protects you from fire.
   rC:        It makes you vulnerable to cold.
   rCorr:     It protects you from acid and corrosion.
Missiles
 i - 57 bolts
 j - 90 stones (quivered)
 l - 73 arrows
 r - 23 sling bullets
 s - 13 poisoned darts
 y - 5 boomerangs
Armour
 p - a +2 scale mail of fire resistance (worn)
 q - a +0 pair of gloves (worn)
 t - a +0 buckler (worn)
Jewellery
 f - the ring of Midsummer (left hand) {rF+ rN+ Int+2 Dex+3}
   (You acquired it on level 3 of the Dungeon)

   [ring of positive energy]

   Int:       It affects your intelligence (+2).
   Dex:       It affects your dexterity (+3).
   rF:        It protects you from fire.
   rN:        It protects you from negative energy.
 v - a ring of magical power
Wands
 z - a wand of iceblast (10)
Scrolls
 k - 2 scrolls of fear
 n - 3 scrolls of enchant weapon
 u - 4 scrolls of fog
 x - a scroll of amnesia {unknown}
Potions
 c - 2 potions of curing
 d - 4 potions of cancellation {unknown}
 e - a potion of magic {unknown}
 g - a potion of invisibility {unknown}
 h - 2 potions of haste {unknown}
 m - 2 potions of brilliance {unknown}
 o - 3 potions of might
 w - a potion of ambrosia {unknown}
 A - a potion of degeneration {unknown}
 B - a potion of heal wounds {unknown}
 C - a potion of berserk rage {unknown}


   Skills:
 + Level 5.3 Fighting
 + Level 5.3(5.8) Axes
 + Level 3.9(5.4) Maces & Flails
 + Level 3.9 Armour
 + Level 3.4 Dodging
 + Level 2.5 Stealth
 + Level 1.1 Shields


You had 7 spell levels left.
You didn't know any spells.
Your spell library was empty.

Dungeon Overview and Level Annotations

Branches:
Dungeon (7/15)
 Temple: D:4-7

Altars:
Cheibriados
Makhleb
Nemelex Xobeh
Xom

Shops:
D:3 :

Annotations:
D:5 3 runed translucent doors, crazypyro's ghost, novice DsFi


Innate Abilities, Weirdness & Mutations

You are immune to sickness and miasma.
Your stone body is resilient. (AC +5)
You are immune to poison.
You resist negative energy. (rN+)
You are resistant to electric shocks. (rElec)
You are resistant to unholy torment.
You are immune to petrification.


Message History

You block the wight's attack. The wight hits you but does no damage.
The wight misses you.
The wight hits your +5 mace of Painful Death {spect, rF+ rC- rCorr Str+2} with a +4 war axe.
Your spectral weapon shares its damage with you!
You hit the wight.
The wight is almost destroyed.
Your +5 mace of Painful Death {spect, rF+ rC- rCorr Str+2} hits the wight!
You destroy the wight!
Trog accepts your kill. The wight closely misses you.
The wight hits you with a +4 short sword!
The wight hits you but does no damage.
The wight barely misses your +5 mace of Painful Death {spect, rF+ rC- rCorr Str+2}.
You are too injured to fight recklessly!
You are too injured to fight recklessly!
You are too injured to fight recklessly!
You are too injured to fight recklessly!
You hit the wight.
The wight is lightly damaged.
Your +5 mace of Painful Death {spect, rF+ rC- rCorr Str+2} hits the wight.
The wight hits you from afar with a +0 trident.
The wight hits your +5 mace of Painful Death {spect, rF+ rC- rCorr Str+2} with a +4 short sword.
Your spectral weapon shares its damage with you!
The wight hits you but does no damage.
The wight hits your +5 mace of Painful Death {spect, rF+ rC- rCorr Str+2} with a +4 short sword!
Your spectral weapon shares its damage with you!
* * * LOW HITPOINT WARNING * * *
The wight closely misses you.
A red film seems to cover your vision as you go berserk!
You feel yourself moving faster!
You feel mighty! You block the wight's attack. The wight barely misses you.
The wight hits you but does no damage.
You barely miss the wight.
Your +5 mace of Painful Death {spect, rF+ rC- rCorr Str+2} barely misses the wight.
The wight hits you with a +4 war axe!
* * * LOW HITPOINT WARNING * * *
The wight closely misses your +5 mace of Painful Death {spect, rF+ rC- rCorr Str+2}.
You barely miss the wight.
Your +5 mace of Painful Death {spect, rF+ rC- rCorr Str+2} hits the wight!
The wight hits you with a +4 short sword.
You die...

.. #.#
#####.#.#.. .#
##.....#....
... ...........
....#........#.
.......?..$.?
#.).§......
#.)@z..#
#..z(..#
#z.....#
#........
.....#.....
......###...
.......# $..
........# ..


You could see 3 wights and a friendly +5 mace of Painful Death {spect, rF+ rC-
rCorr Str+2} (summoned).

Vanquished Creatures
  Edmund (D:4)
  A sky beast (D:5)
  An ogre (D:4)
  2 phantoms (D:5)
  A scorpion (D:3)
  A water moccasin zombie (D:5)
  2 wights (D:7)
  2 jellies
  A bullfrog skeleton (D:2)
  A hound (D:3)
  An iguana (D:5)
  Terence (D:2)
  An orc wizard (D:5)
  2 hound skeletons (D:4)
  A howler monkey zombie (D:5)
  3 gnolls
  6 adders
  A shadow imp (D:5)
  An ufetubus (D:5)
  A worm (D:2)
  2 dart slugs (D:1)
  13 orcs
  6 endoplasms
  3 giant cockroaches
  9 goblins
  5 hobgoblins
  2 jackals (D:1)
  2 quokkas
  7 ball pythons
  5 bats
  A frilled lizard (D:1)
  4 kobolds
  4 rats
94 creatures vanquished.

Notes
Turn   | Place    | Note
-------+----------+-------------------------------------------
     0 | D:1      | dracfodder the Gargoyle Berserker began the quest for the
                  | Orb.
     0 | D:1      | Reached XP level 1. HP: 14/14 MP: 1/1
    37 | D:1      | Reached XP level 2. HP: 6/19 MP: 2/2
   557 | D:1      | Reached XP level 3. HP: 23/23 MP: 3/3
   896 | D:1      | Reached ** piety under Trog
  1338 | D:2      | Reached XP level 4. HP: 14/29 MP: 4/4
  1536 | D:2      | Noticed Terence
  1548 | D:2      | Killed Terence
  1780 | D:3      | Found Boevuript's Book Shop.
  1851 | D:2      | Reached XP level 5. HP: 28/33 MP: 5/5
  1958 | D:2      | Found a faded altar of an unknown god.
  2114 | D:4      | Noticed Edmund
  2162 | D:3      | Reached skill level 1 in Stealth
  2450 | D:3      | Identified a scroll of acquirement
  2450 | D:3      | Acquired the ring of Midsummer {rF+ rN+ Int+2 Dex+3}
  2465 | D:3      | Found a sparkling altar of Nemelex Xobeh.
  2479 | D:3      | Found a burning altar of Makhleb.
  2610 | D:3      | Reached XP level 6. HP: 39/39 MP: 6/6
  2674 | D:3      | Identified the +5 mace of Painful Death {spect, rF+ rC-
                  | rCorr Str+2}
  3347 | D:4      | Killed Edmund
  3348 | D:4      | Reached skill level 5 in Axes
  3348 | D:4      | Reached skill level 1 in Maces & Flails
  3348 | D:4      | Reached XP level 7. HP: 17/44 MP: 7/7
  3386 | D:5      | Entered Level 5 of the Dungeon
  3798 | D:4      | You fall into a shaft and drop 1 floor!
  3828 | D:4      | Found a snail-covered altar of Cheibriados.
  3830 | D:4      | Found a shimmering altar of Xom.
  4032 | D:4      | Upgraded the game from 0.29-a0-88-g03a7b78be7 to
                  | 0.29-a0-90-gc37658a0fe
  4083 | D:5      | Reached *** piety under Trog
  4091 | D:5      | Reached skill level 5 in Fighting
  4210 | D:5      | Found a runed translucent gate.
  4210 | D:5      | Found a runed translucent gate.
  4210 | D:5      | Found a runed translucent gate.
  4284 | D:5      | Noticed crazypyro's ghost (novice DsFi)
  4410 | D:5      | Reached XP level 8. HP: 42/49 MP: 8/8
  4560 | D:5      | Reached skill level 1 in Shields
  4827 | D:7      | HP: 3/73 [wight (14)]
  4828 | D:7      | Slain by a wight

Illustrated notes

Levels and vault maps discovered:
D:1:      minmay_arrival_arboretum_small, layout_loops_ring, minmay_surrounded
D:2:      layout_rooms, chequers_ecumenical_altar_twisty, uniq_terence
D:3:      layout_loops_cross, mainiacjoe_overflow_catwalk_spiral, serial_shops,
          nicolae_shop_crystal, kennysheep_generic_room_2
D:4:      layout_rooms, grunt_temple_overflow_open, uniq_edmund
D:5:      layout_basic, gammafunk_ghost_icy
D:6:      layout_cave_pods, worldfamousw_hep_ancestral_shrine
D:7:      layout_basic, lemuel_round_altar, temple_fountains,
          minmay_misc_feat_ornament

Skill      XL: |  1  2  3  4  5  6  7  8 |
---------------+-------------------------+-----
Axes           | 3 4 5 |  5.3
Dodging        | 2 3 |  3.4
Fighting       | 4 5 |  5.3
Stealth        | 1 2 |  2.5
Maces & Flails | 1 3 |  3.9
Armour         | 3 |  3.9
Shields        | 1 |  1.1

Action                   |  1- 3 |  4- 6 |  7- 9 || total
-------------------------+-------+-------+-------++-------
Melee: Hand axe          |   109 |    80 |       ||   189
       Mace              |       |    27 |    64 ||    91
Invok: Berserk           |       |     1 |     1 ||     2
  Use: Scroll            |       |     8 |     1 ||     9
 Stab: Sleeping          |     1 |     1 |       ||     2
       Distracted        |       |       |     1 ||     1
Armor: Animal skin       |    39 |    10 |       ||    49
       Skin              |       |    17 |       ||    17
       Scale mail        |       |    15 |    26 ||    41
Dodge: Dodged            |    71 |    73 |    26 ||   170
Block: Buckler           |       |       |     9 ||     9

Table legend: (Time is in decaauts)
 A = Elapsed time spent in this place.
 B = Non-inter-level travel time spent in this place.
 C = Inter-level travel time spent in this place.
 D = Time resting spent in this place.
 E = Time spent auto-exploring this place.
 F = Levels seen in this place.
 G = Mean time per level.
                   A        B        C        D        E       F      G
               +--------+--------+--------+--------+--------+-----+--------+
         Total |   4890 |   4775 |    115 |    830 |   2951 |   7 |  698.6 |
       Dungeon |   4890 |   4775 |    115 |    830 |   2951 |   7 |  698.6 |
               +--------+--------+--------+--------+--------+-----+--------+

Top non-repeatable levels by time:
     D:3: 1243 daAuts
     D:1: 1185 daAuts
     D:2: 901 daAuts
     D:4: 730 daAuts
     D:5: 714 daAuts
     D:6: 106 daAuts
     D:7: 9 daAuts
